 Dungeon Crawl Stone Soup version 0.23-a0-391-g8c51ad5 (webtiles) character file.

213 Garbasso the Bolt Thrower (level 5, -6/46 HPs)
             Began as a Ghoul Hunter on Oct 30, 2018.
             Mangled by Grinder (7 damage)
             ... while paralysed by Grinder
             ... on level 4 of the Dungeon.
             The game lasted 00:09:46 (2597 turns).

Garbasso the Bolt Thrower (Ghoul Hunter)            Turns: 2597, Time: 00:09:46

Health: -6/46      AC:  9    Str: 17    XL:     5   Next: 90%
Magic:  4/4        EV:  2    Int:  8    God:
Gold:   104        SH:  0    Dex:  9    Spells: 4/4 levels left

rFire    . . .     SeeInvis .   b - +0 quarterstaff
rCold    + . .     Gourm    .   (shield currently unavailable)
rNeg     + + +     Faith    .   k - +0 chain mail
rPois    ∞         Spirit   .   g - +0 helmet
rElec    .         Reflect  .   (no cloak)
rCorr    .         Harm     .   (no gloves)
MR       .....                  (no boots)
Stlth    ..........             (no amulet)
HPRegen  0.00/turn              m - +2 ring of intelligence
MPRegen  0.09/turn              (no ring)

@: paralysed, rotting
A: rotting body, claws 1, carnivore, cold resistance 1, negative energy
resistance 3, inhibited regeneration, torment resistance, unbreathing
a: no special abilities


You were on level 4 of the Dungeon.
You were not hungry.

You visited 1 branch of the dungeon, and saw 4 of its levels.

You collected 104 gold pieces.

Inventory:

Hand Weapons
 a - a +1 hand crossbow
 b - a +0 quarterstaff (weapon)
Missiles
 d - 15 bolts
Armour
 g - a +0 helmet (worn)
 k - a +0 chain mail (worn)
Jewellery
 m - a +2 ring of intelligence (left claw)
Scrolls
 e - a scroll of identify {unknown}
 h - a scroll of magic mapping {unknown}
 i - a scroll of enchant armour {unknown}
 j - 2 scrolls of remove curse {unknown}
Potions
 c - a potion of agility {unknown}
 l - 2 potions of flight {unknown}
 n - 2 potions of degeneration {unknown}
 o - a potion of might {unknown}
Comestibles
 f - 7 rations


   Skills:
 + Level 3.6 Fighting
 + Level 0.3 Staves
 * Level 5.1 Crossbows
 + Level 1.8 Armour
 - Level 2.1 Dodging
 - Level 1.1 Stealth


You had 4 spell levels left.
You didn't know any spells.
Your spell library was empty.

Dungeon Overview and Level Annotations

Branches:
Dungeon (4/15)
 Temple: D:4-7

Altars:
Kikubaaqudgha

Annotations:
D:4 Grinder


Innate Abilities, Weirdness & Mutations

Your body is rotting away.
You thrive on raw meat.
You are immune to poison.
You have sharp fingernails.
You are carnivorous and can eat meat at any time.
Your flesh is cold resistant. (rC+)
You are immune to negative energy. (rN+++)
You do not regenerate when monsters are visible.
You are immune to unholy pain and torment.
You can survive without breathing.


Message History

You see here a giant cockroach corpse.
You butcher the giant cockroach corpse.
Grinder hits you but does no damage.
You see here 2 chunks of flesh.
Eat one of 2 chunks of flesh? (ye/n/q)
You eat one of the 2 chunks of flesh.
You feel more resilient.
This raw flesh tastes great!
Grinder completely misses you.
Eat a chunk of flesh? (ye/n/q)
You eat the chunk of flesh.
This raw flesh tastes great!
Grinder hits you.
* * * LOW HITPOINT WARNING * * *
Okay, then.
You closely miss Grinder. Grinder hits you.
* * * LOW HITPOINT WARNING * * *
Grinder hits you.
* * * LOW HITPOINT WARNING * * *
Grinder gestures at you.
You suddenly lose the ability to move!
Grinder hits you but does no damage.
Grinder says, "Just stop there for a second..."
Grinder hits you!
You die...

#...
##..#
.... #..#
#..# #..#
#..##
#####@..#
#...5.#<#
#.....#.#
#.....#.#
#.....#.#
#.....#.#
###.###.#
#.# #.#
#.# #.#


You could see Grinder.

Vanquished Creatures
  Terence (D:2)
  Jessica (D:2)
  An iguana (D:3)
  7 adders
  An ooze (D:1)
  A worm (D:2)
  A dart slug (D:2)
  2 leopard geckos
  2 orcs (D:3)
  6 bats
  4 giant cockroaches
  8 goblins
  8 hobgoblins
  5 jackals
  6 kobolds
  A ball python (D:3)
  3 frilled lizards
  5 rats
63 creatures vanquished.

Notes
Turn   | Place    | Note
-------+----------+-------------------------------------------
     0 | D:1      | Garbasso the Ghoul Hunter began the quest for the Orb.
     0 | D:1      | Reached XP level 1. HP: 17/17 MP: 0/0
   181 | D:1      | Reached XP level 2. HP: 18/25 MP: 1/1
   392 | D:1      | Reached skill level 4 in Crossbows
   394 | D:1      | Reached XP level 3. HP: 25/30 MP: 2/2
   934 | D:2      | Noticed Terence
   943 | D:2      | Killed Terence
   997 | D:2      | Reached XP level 4. HP: 38/38 MP: 3/3
  1041 | D:2      | Found an ancient bone altar of Kikubaaqudgha.
  1219 | D:2      | Reached skill level 1 in Armour
  1375 | D:2      | Noticed Jessica
  1394 | D:2      | Killed Jessica
  1394 | D:2      | Reached XP level 5. HP: 42/45 MP: 4/4
  1814 | D:3      | Reached skill level 5 in Crossbows
  2571 | D:4      | Noticed Grinder
  2582 | D:4      | Paralysed by Grinder for 7 turns
  2593 | D:4      | HP: 1/46 [Grinder (6)]
  2594 | D:4      | Paralysed by Grinder for 5 turns
  2597 | D:4      | Mangled by Grinder

Vault maps used:
D:1:      saegor_arrival_simple_c, lemuel_another_geyser
D:2:      kiku_gazebo_garden_becter, nicolae_overflow_hidden_temple,
          hangedman_decor_opposing, minmay_pentomino_q4, uniq_jessica,
          uniq_terence
D:4:      minmay_misc_feat_cross, uniq_grinder, uniq_ijyb, uniq_menkaure,
          uniq_duvessa

Skill      XL: |  1  2  3  4  5 |
---------------+----------------+-----
Dodging        | 2 |  2.1
Crossbows      | 4 5 |  5.1
Fighting       | 3 |  3.6
Armour         | 1 |  1.8
Staves         | |  0.3
Stealth        | |  1.1

Action                   |  1- 3 |  4- 6 || total
-------------------------+-------+-------++-------
Melee: Unarmed           |    32 |   196 ||   228
       Quarterstaff      |       |    96 ||    96
 Fire: Hand crossbow     |    60 |    12 ||    72
  Eat: Chunk             |     9 |    13 ||    22
Armor: Leather armour    |    29 |       ||    29
       Chain mail        |     9 |   196 ||   205
Dodge: Dodged            |    59 |   157 ||   216

Table legend:
 A = Non-vault XP
 B = Vault XP
 C = Vault XP percentage of total XP
 D = Non-vault monster count
 E = Vault monster count
 F = Vault count percentage of total count
                 A         B        C        D         E       F
            +---------+---------+-------+---------+---------+-------
      Total |     211 |      94 |  30.8 |      58 |       5 |   7.9
            +---------+---------+-------+---------+---------+-------
        D:1 |      43 |       0 |   0.0 |      21 |       0 |   0.0
        D:2 |      37 |      94 |  71.8 |      15 |       5 |  25.0
        D:3 |     129 |       0 |   0.0 |      21 |       0 |   0.0
        D:4 |       2 |       0 |   0.0 |       1 |       0 |   0.0
            +---------+---------+-------+---------+---------+-------
